 Dungeon Crawl Stone Soup version bcrawl-1.17.3 (webtiles) character file.

Game seed: 2312595739409592244

65 Chiseanne the Skirmisher (level 3, 0/29 HPs)
             Began as a Mummy Archaeologist on Oct 25, 2019.
             Slain by an orc
             ... wielding a +1 hand axe of chopping
              (1 damage)
             ... on level 3 of the Dungeon.
             The game lasted 00:02:56 (2248 turns).

Chiseanne the Skirmisher (Mummy Archaeologist)      Turns: 2248, Time: 00:02:57

Health: 0/29       AC:  6    Str: 14    XL:     3   Next: 94%
Magic:  3/3        EV: 11    Int: 14    God:
Gold:   120        SH:  0    Dex: 10    Spells: 2/2 levels left

rFire    x . .     SeeInvis .   o - +0 mace
rCold    + . .     Gourm    .   (no shield)
rNeg     + + +     Faith    .   m - +0 ring mail
rPois    ∞         Spirit   .   c - +1 hat
rElec    .         Reflect  .   a - +0 cloak
rCorr    +         Harm     .   (no gloves)
MR       .....     Clarity  +   d - +1 pair of boots
Stlth    +.........             (no amulet)
HPRegen  0.09/turn              h - ring of resist corrosion
MPRegen  0.08/turn              g - -3 ring of protection (curse)

@: studying Polearms
A: no food or potions, fire vulnerability, clarity, cold resistance 1, negative
energy resistance 3, torment resistance, unbreathing
a: no special abilities


You were on level 3 of the Dungeon.
You were not hungry.

You visited 1 branch of the dungeon, and saw 3 of its levels.

You collected 120 gold pieces.

Inventory:

Hand Weapons
 o - a +0 mace (weapon)
Missiles
 b - 79 tomahawks (quivered)
 j - 482 arrows
 l - 271 stones
 n - 83 poisoned needles
Armour
 a - a +0 cloak (worn)
 c - a +1 hat (worn)
 d - a +1 pair of boots (worn)
 m - a +0 ring mail (worn)
Jewellery
 g - a cursed -3 ring of protection (right hand)
 h - a ring of resist corrosion (left hand)
Scrolls
 i - a scroll of magic mapping
 k - 5 scrolls of teleportation
 p - a scroll of amnesia
Books
 e - a manual of Polearms
Miscellaneous
 f - an ancient crate


   Skills:
 - Level 3.0 Fighting
 - Level 0.7 Maces & Flails
 + Level 2.6 Polearms
 - Level 2.4 Dodging
 - Level 2.6 Stealth


You had 2 spell levels left.
You didn't know any spells.
Your spell library was empty.

Dungeon Overview and Level Annotations

Branches:
Dungeon (3/12)

Altars:
Xom
Yredelemnul


Innate Abilities, Weirdness & Mutations

You do not eat or drink.
Your flesh is vulnerable to fire.
You are immune to poison.
You possess an exceptional clarity of mind.
Your flesh is cold resistant. (rC+)
You are immune to negative energy. (rN+++)
You are immune to unholy pain and torment.
You can survive without breathing.


Message History

You closely miss something.
You hear some strange, mumbled words.
A magic dart appears from out of thin air!
The magic dart hits you!
You closely miss something. Something hits you.
You barely miss something.
You hear some strange, mumbled words.
A puff of flame appears from out of thin air!
The puff of flame hits you! The fire burns you terribly!
Ouch! That really hurt!
* * * LOW HITPOINT WARNING * * *
The orc hits you but does no damage. Something hits you but does no damage.
The orc hits you with a +1 hand axe of chopping.
* * * LOW HITPOINT WARNING * * *
x2 You hit something.
Something hits you.
* * * LOW HITPOINT WARNING * * *
The orc hits you but does no damage.
The orc hits you with a +1 hand axe of chopping.
* * * LOW HITPOINT WARNING * * *
You die...

.............O.....
#.o......#.........
##...........#..#..
#.........#.##....
###.......#.....
###...............
#..... ...#
#..o######.....
#...@?.........
##...##.(###.##
#...##..##≈♣≈≈
#...#..##.≈^.^
#......#..(≈♣
#[.....§_♣
#......#≈≈._
#......##_....
#.......##≈._.


You could see an orc.

Vanquished Creatures
  An adder (D:2)
  2 oozes (D:1)
  A worm (D:1)
  4 dart slugs
  An orc (D:2)
  3 ball pythons
  2 bats (D:1)
  2 giant cockroaches
  7 hobgoblins
  A frilled lizard (D:1)
  5 goblins
  4 kobolds (D:1)
  5 rats
38 creatures vanquished.

Notes
Turn   | Place    | Note
-------+----------+-------------------------------------------
     0 | D:1      | Chiseanne the Mummy Archaeologist began the quest for the
                  | Orb.
     0 | D:1      | Reached XP level 1. HP: 15/15 MP: 1/1
   287 | D:1      | Reached skill level 2 in Fighting
   312 | D:1      | Reached XP level 2. HP: 22/22 MP: 2/2
   539 | D:1      | Reached skill level 3 in Fighting
   773 | D:1      | Reached XP level 3. HP: 29/29 MP: 3/3
   786 | D:1      | Reached skill level 1 in Polearms
  1497 | D:2      | Found a basalt altar of Yredelemnul.
  2199 | D:3      | Noticed an ogre
  2223 | D:3      | Found a shimmering altar of Xom.
  2230 | D:3      | Found a shimmering altar of Xom.
  2235 | D:3      | Found a shimmering altar of Xom.
  2235 | D:3      | Found a shimmering altar of Xom.
  2247 | D:3      | HP: 1/29 [something (1)]
  2248 | D:3      | Slain by an orc

Skill      XL: |  1  2  3 |
---------------+----------+-----
Fighting       | 2 3 |  3.0
Polearms       | 2 |  2.6
Maces & Flails | |  0.7
Dodging        | |  2.4
Stealth        | |  2.6

Action                   || total
-------------------------++-------
Melee: Whip              ||    69
       Short sword       ||    72
       Mace              ||    51
Throw: Tomahawk          ||     2
  Use: Scroll            ||     7
 Stab: Sleeping          ||     4
Armor: Robe              ||    41
       Ring mail         ||    22
Dodge: Dodged            ||   120
